 Dungeon Crawl Stone Soup version 0.23.1-38-g628c18f423 (webtiles) character file.

Game seed: 15475669475612024623

1323 PentaManta the Slinger (level 8, -10/55 HPs)
             Began as a Halfling Hunter on Mar 29, 2019.
             Was an Initiate of Fedhas.
             Mangled by an orc warrior
             ... wielding a +0 long sword
              (11 damage)
             ... on level 5 of the Dungeon.
             The game lasted 00:11:15 (4768 turns).

PentaManta the Slinger (Halfling Hunter)            Turns: 4768, Time: 00:11:15

Health: -10/55     AC:  5    Str: 15    XL:     8   Next: 90%
Magic:  8/8        EV: 15    Int:  9    God:    Fedhas [......]
Gold:   275        SH:  0    Dex: 15    Spells: 7/7 levels left

rFire    . . .     SeeInvis .   a - +1 hunting sling
rCold    . . .     Gourm    .   (shield restricted)
rNeg     . . .     Faith    .   s - +0 leather armour
rPois    .         Spirit   .   (no helmet)
rElec    .         Reflect  .   (no cloak)
rCorr    .         Harm     .   o - +0 pair of gloves
MR       .....                  l - +0 pair of boots
Stlth    ++........             (no amulet)
HPRegen  0.18/turn              (no ring)
MPRegen  0.11/turn              (no ring)

@: about to teleport
A: small, mutation resistance 1
a: Fungal Bloom, Renounce Religion


You were on level 5 of the Dungeon.
You worshipped Fedhas.
Fedhas was noncommittal.
You were hungry.

You visited 2 branches of the dungeon, and saw 7 of its levels.

You collected 275 gold pieces.

Inventory:

Hand Weapons
 a - a +1 hunting sling (weapon)
 b - a +0 short sword
 v - a +0 blowgun
 x - a +1 dagger of venom
Missiles
 d - 17 poisoned needles
 i - 38 stones (quivered)
Armour
 l - a +0 pair of boots (worn)
 o - a +0 pair of gloves (worn)
 s - a +0 leather armour (worn)
Jewellery
 w - an uncursed amulet of the gourmand
Scrolls
 k - 8 scrolls of identify
 n - 3 scrolls of amnesia
 p - 2 scrolls of remove curse
 u - a scroll of magic mapping
 y - a scroll of noise {unknown}
 A - a scroll of blinking {unknown}
Potions
 c - 2 potions of lignification
 e - a potion of mutation {unknown}
 h - 2 potions of curing {unknown}
 m - a potion of cancellation {unknown}
 r - a potion of flight {unknown}
 z - 2 potions of berserk rage {unknown}
 B - a potion of brilliance {unknown}
Comestibles
 f - 7 rations


   Skills:
 + Level 5.1 Fighting
 + Level 12.3 Slings
 + Level 2.4 Armour
 + Level 3.1 Dodging
 + Level 1.6 Stealth


You had 7 spell levels left.
You didn't know any spells.
Your spell library was empty.

Dungeon Overview and Level Annotations

Branches:
Dungeon (6/15)             Temple (1/1) D:5

Altars:
Elyvilon
Fedhas
Hepliaklqana
Makhleb
Qazlal
Trog
Uskayaw
Xom
Yredelemnul
Zin

Annotations:
D:5 Grinder


Innate Abilities, Weirdness & Mutations

You are small and have problems with some larger weapons.
You are somewhat resistant to further mutation.


Message History

The orc wizard flickers and vanishes!
Deactivating autopickup; reactivate with Ctrl-A.
Grinder gestures at you.
You suddenly lose the ability to move!
The orc warrior hits you with a +0 long sword.
A puff of frost appears from out of thin air!
The puff of frost hits you!
You can move again.
Unknown command.
Grinder hits you! The ogre hits you with a +0 giant club.
There is a stone staircase leading up here.
As you read the scroll of teleportation, it crumbles to dust.
You feel strangely unstable. Grinder hits you but does no damage.
The orc warrior hits you with a +0 long sword!!
* * * LOW HITPOINT WARNING * * *
The ogre closely misses you.
The orc shouts!
You hear a shout!
The orc warrior hits you with a +0 long sword!
You die...
Fedhas appreciates your contribution to the ecosystem.

,,,,,,,****......................
,,,,,,******#....................
,,**,,,,,#####...................
,,,,,,,,,#...#..............###..
..<....#..............#..#.####..
.......#...##.........#..#.##....
....#......##...O....##..#.....##
....#......###..5o...#..##.......
.............###@....o..#...o....
.............#.(.....#...........
..........#..........###.###.....
........###....(.....# ###*#(....
.....................# *,.(....
........#............#****,..(...
.##.....#.#..(...........*...(.##
..........#...a..(.......,.#....,
...............(.(((...###.(...##


You could see Grinder, an orc warrior, an ogre, a worker ant (wandering) and an
orc.

Vanquished Creatures
  Duvessa (D:5)
  2 sky beasts
  An ogre (D:4)
  2 centaurs
  2 bullfrogs
  Dowan (D:5)
  A scorpion (D:3)
  A howler monkey (D:4)
  A crimson imp (D:6)
  A centaur zombie (D:5)
  A bullfrog zombie (D:5)
  A hound (D:5)
  An orc priest (D:5)
  2 iguanas
  3 orc wizards
  2 worker ants (D:5)
  8 adders
  A worm (D:2)
  2 dart slugs (D:1)
  4 leopard geckos
  17 orcs
  8 bats
  4 giant cockroaches
  8 goblins
  3 hobgoblins
  12 jackals
  2 ball pythons (D:2)
  11 frilled lizards
  A jackal skeleton (D:4)
  7 kobolds
  A leopard gecko skeleton (D:4)
  6 rats
118 creatures vanquished.

Vanquished Creatures (others)
  8 toadstools
8 creatures vanquished.

Grand Total: 126 creatures vanquished

Notes
Turn   | Place    | Note
-------+----------+-------------------------------------------
     0 | D:1      | PentaManta the Halfling Hunter began the quest for the Orb.
     0 | D:1      | Reached XP level 1. HP: 14/14 MP: 1/1
    17 | D:1      | Reached skill level 6 in Slings
    96 | D:1      | Reached XP level 2. HP: 19/19 MP: 2/2
   521 | D:2      | Reached XP level 3. HP: 24/24 MP: 3/3
   529 | D:2      | Reached skill level 7 in Slings
   530 | D:2      | Found a glowing silver altar of Zin.
   810 | D:2      | Reached XP level 4. HP: 13/29 MP: 4/4
  1318 | D:2      | Found a burning altar of Makhleb.
  1321 | D:2      | Noticed a blizzard demon
  1546 | D:2      | Found a faded altar of an unknown god.
  1847 | D:3      | Noticed a bullfrog
  1859 | D:3      | Killed a bullfrog
  1859 | D:3      | Reached skill level 8 in Slings
  1859 | D:3      | Reached XP level 5. HP: 20/35 MP: 5/5
  1899 | D:3      | Found a white marble altar of Elyvilon.
  2256 | D:3      | Reached skill level 9 in Slings
  2256 | D:3      | Reached XP level 6. HP: 42/42 MP: 6/6
  2650 | D:4      | Noticed an ogre
  2660 | D:4      | Killed an ogre
  2660 | D:4      | Reached skill level 1 in Armour
  2838 | D:4      | Reached XP level 7. HP: 45/46 MP: 7/7
  2912 | D:4      | Found a shimmering altar of Xom.
  2987 | D:4      | Found a hide-covered altar of Uskayaw.
  3354 | D:4      | Reached skill level 10 in Slings
  3654 | D:5      | Entered Level 5 of the Dungeon
  3763 | D:5      | Reached XP level 8. HP: 33/54 MP: 8/8
  3791 | D:5      | Reached skill level 11 in Slings
  3823 | D:5      | Found a staircase to the Ecumenical Temple.
  3841 | Temple   | Entered the Ecumenical Temple
  3945 | Temple   | Became a worshipper of Fedhas Madash
  4606 | D:5      | Noticed Duvessa
  4614 | D:5      | Noticed Dowan
  4635 | D:5      | Killed Duvessa
  4635 | D:5      | Reached skill level 12 in Slings
  4641 | D:5      | Killed Dowan
  4645 | D:5      | Reached skill level 5 in Fighting
  4757 | D:5      | Noticed Grinder
  4763 | D:5      | Paralysed by Grinder for 3 turns
  4767 | D:5      | HP: 1/55 [orc warrior/+0 long sword (18)]
  4768 | D:5      | Mangled by an orc warrior

Skill      XL: |  1  2  3  4  5  6  7  8 |
---------------+-------------------------+-----
Slings         | 6 7 8 9 10 12 | 12.3
Fighting       | 2 3 4 5 |  5.1
Armour         | 1 2 |  2.4
Dodging        | 3 |  3.1
Stealth        | |  1.6

Action                   |  1- 3 |  4- 6 |  7- 9 || total
-------------------------+-------+-------+-------++-------
 Fire: Hunting sling     |   105 |   140 |   281 ||   526
Invok: Fungal Bloom      |       |       |     2 ||     2
  Use: Scroll            |       |       |    10 ||    10
       Potion            |       |       |     1 ||     1
  Eat: Chunk             |       |     5 |     5 ||    10
Armor: Leather armour    |     6 |     5 |    30 ||    41
       Skin              |       |       |     6 ||     6
Dodge: Dodged            |    18 |    16 |    79 ||   113
